 Dungeon Crawl Stone Soup version 0.30-a0-772-g5528072125 (webtiles) character file.

Game seed: 9807636712516182613

1142 beezmis the Conjurer (level 8, 0/63 (67) HPs)
             Began as a Hill Orc Conjurer on Feb 13, 2023.
             Killed from afar by an acid dragon (13 damage)
             ... with a splash of acid
             ... on level 6 of the Dungeon.
             The game lasted 00:16:51 (6202 turns).

beezmis the Conjurer (Hill Orc Conjurer)            Turns: 6202, Time: 00:16:52

HP:   0/63 (67)     AC:  4    Str: 10    XL:     8   Next: 37%
MP:   0/13          EV: 10    Int: 20    God:
Gold: 221           SH:  0    Dex:  9    Spells: 3/13 levels left

rFire   . . .      SeeInvis .    p - +0 war axe
rCold   . . .      Faith    .    (no shield)
rNeg    . . .      Spirit   .    v - +0 ring mail
rPois   .          Reflect  .    (no helmet)
rElec   .          Harm     .    q - +1 cloak
rCorr   .          Rampage  .    (no gloves)
Will    .....                    (no boots)
Stlth   +                        (no amulet)
HPRegen 0.30/turn                h - +4 ring of slaying
MPRegen 0.13/turn                (no ring)

@: corroded, very slightly contaminated, drained
A: no striking features
a: no special abilities


You were on level 6 of the Dungeon.
You visited 1 branch of the dungeon, and saw 6 of its levels.

You collected 221 gold pieces.

Inventory:

Hand Weapons
 p - a +0 war axe (weapon)
Armour
 q - a +1 cloak (worn)
 v - a +0 ring mail (worn)
Magical Staves
 g - a staff of earth
Jewellery
 h - a +4 ring of slaying (left hand)
 r - a ring of fire
Wands
 a - a wand of flame (21)
 w - a wand of polymorph (8)
Scrolls
 c - 3 scrolls of noise {unknown}
 d - 2 scrolls of identify
 e - 2 scrolls of teleportation
 l - 2 scrolls of brand weapon {unknown}
 m - a scroll of silence {unknown}
 s - a scroll of poison {unknown}
 t - a scroll of magic mapping {unknown}
 u - a scroll of torment {unknown}
 y - a scroll of acquirement {unknown}
Potions
 b - 3 potions of magic
 f - a potion of berserk rage
 i - a potion of brilliance {unknown}
 j - a potion of heal wounds
 k - a potion of resistance {unknown}
 n - a potion of invisibility {unknown}
 o - 2 potions of curing
 x - a potion of flight {unknown}


   Skills:
 + Level 4.5 Fighting
 + Level 4.3 Axes
 + Level 4.0 Armour
 - Level 1.5 Dodging
 - Level 1.5 Stealth
 + Level 3.3 Spellcasting
 + Level 5.6 Conjurations
 + Level 2.5 Hexes
 + Level 2.7 Fire Magic


You had 3 spell levels left.
You knew the following spells:

 Your Spells              Type           Power      Damage    Failure   Level
a - Magic Dart            Conj           100%       1d8       3%          1
b - Searing Ray           Conj           52%        2d6       4%          2
c - Dazzling Flash        Conj/Hex       38%        N/A       19%         3
d - Sticky Flame          Conj/Fire      20%        2d4       52%         4

Your spell library contained the following spells:

 Spells                   Type           Power      Damage    Failure   Level
 Apportation              Tloc           6%         N/A       32%         1
 Lesser Beckoning         Tloc           6%         N/A       45%         2
 Gell's Gravitas          Tloc           3%         N/A       69%         3
 Spider Form              Tmut/Pois      3%         N/A       69%         3
 Teleport Other           Tloc           3%         N/A       69%         3
 Fulminant Prism          Conj/Hex       9%         3d6       52%         4
 Iskenderun's Mystic Bla  Conj/Tloc      14%        2d5       71%         4
 Alistair's Intoxication  Tmut/Pois      2%         N/A       100%        5
 Iron Shot                Conj/Erth      7%         9d2       100%        6


Dungeon Overview and Level Annotations

Branches:
Dungeon (6/15)
 Temple: D:4-7

Altars:
Cheibriados
Dithmenos
Elyvilon
Fedhas
Makhleb
Okawaru
Ru
Trog
Uskayaw
Wu Jian
Xom
The Shining One


Message History

The searing ray misses the acid dragon.
You finish channelling your searing ray.
The acid dragon spits acid at you. The splash of acid hits you!!
The acid corrodes you!
Casting: Searing Ray (safe; 4% risk of failure)
Confirm with . or Enter, or press ? or * to list all spells.
Aiming: Searing Ray (safe; 4% risk of failure)
Press: ? - help, Shift-Dir - straight line, f/p - acid dragon
Aim: an acid dragon (severely wounded, 79% to hit)
You miscast Searing Ray.
You are very lightly contaminated with residual magic.
Nothing appears to happen.
The acid dragon spits acid at you. The splash of acid hits you!!
Casting: Searing Ray (safe; 4% risk of failure)
Confirm with . or Enter, or press ? or * to list all spells.
Aiming: Searing Ray (safe; 4% risk of failure)
Press: ? - help, Shift-Dir - straight line, f/p - acid dragon
Aim: an acid dragon (severely wounded, catching its breath, 79% to hit)
The searing ray misses the acid dragon. (Press . to maintain the ray.)
The acid dragon bites you. The acid dragon misses you.
Without enough magic to sustain it, your searing ray dissipates.
The acid dragon bites you.
The acid dragon claws you but does no damage.
Casting: Searing Ray (safe; 4% risk of failure)
Confirm with . or Enter, or press ? or * to list all spells.
You don't have enough magic to cast this spell.
You barely miss the acid dragon.
The acid dragon is severely wounded.
The acid dragon barely misses you. The acid dragon claws you.
* * * LOW HITPOINT WARNING * * *
You hit the acid dragon.
The acid dragon is almost dead.
The acid dragon bites you but does no damage.
The acid dragon claws you.
* * * LOW HITPOINT WARNING * * *
The acid dragon spits acid at you. The splash of acid hits you!
You die...

## #. # #.
#.##.
#....###.#
#..[D@...#
##.#######


You could see an acid dragon (catching breath).

Vanquished Creatures
  Eustachio (D:5)
  3 centaurs
  5 wights
  A howler monkey (D:4)
  2 hounds
  An orc priest (D:5)
  Crazy Yiuf (D:4)
  Natasha (thrice) (D:4)
  Ijyb (D:4)
  2 iguanas
  An orc wizard (D:6)
  3 gnolls
  8 adders
  A shadow imp (D:5)
  2 dart slugs
  5 orcs
  8 ball pythons
  A bat (D:1)
  9 endoplasms
  2 giant cockroaches
  8 goblins
  5 hobgoblins
  5 kobolds
  2 quokkas (D:3)
  2 frilled lizards (D:2)
  2 rats
84 creatures vanquished.

Notes
Turn   | Place    | Note
-------+----------+-------------------------------------------
     0 | D:1      | beezmis the Hill Orc Conjurer began the quest for the Orb.
     0 | D:1      | Reached XP level 1. HP: 14/14 MP: 3/3
   174 | D:1      | Got Qoddao's Disquisition on Fulgent Infection
   350 | D:1      | Reached XP level 2. HP: 14/22 MP: 0/4
   922 | D:2      | Learned a level 2 spell: Searing Ray
  1040 | D:2      | Reached skill level 1 in Fighting
  1089 | D:2      | Found a faded altar of an unknown god.
  1162 | D:2      | Identified the +4 ring mail "Ydaick" {rPois}
  1190 | D:2      | Reached skill level 1 in Armour
  1392 | D:2      | Reached XP level 3. HP: 28/28 MP: 1/5
  2103 | D:3      | You fall into a shaft and drop 1 floor!
  2104 | D:4      | Found an iron altar of Okawaru.
  2104 | D:4      | Found a burning altar of Makhleb.
  2161 | D:4      | Found a runed translucent door.
  2166 | D:4      | Learned a level 3 spell: Dazzling Flash
  2166 | D:4      | Noticed Crazy Yiuf
  2177 | D:4      | Killed Crazy Yiuf
  2178 | D:4      | Reached XP level 4. HP: 7/36 MP: 1/7
  2417 | D:4      | Noticed Natasha
  2422 | D:4      | Killed Natasha
  2423 | D:4      | Reached skill level 1 in Axes
  2516 | D:4      | Found a blossoming altar of Fedhas.
  2579 | D:4      | Found a white marble altar of Elyvilon.
  2607 | D:4      | Reached XP level 5. HP: 42/42 MP: 1/8
  2669 | D:4      | Noticed Natasha
  2674 | D:4      | Killed Natasha
  3573 | D:4      | Noticed Natasha
  3578 | D:4      | Killed Natasha
  3686 | D:4      | Noticed Ijyb
  3694 | D:4      | Killed Ijyb
  3695 | D:4      | Reached XP level 6. HP: 45/50 MP: 0/9
  4069 | D:4      | Learned a level 4 spell: Sticky Flame
  4111 | D:5      | Entered Level 5 of the Dungeon
  4159 | D:5      | HP: 1/51 [centaur/arrow (11)]
  4161 | D:5      | Reached skill level 5 in Conjurations
  4444 | D:4      | Reached skill level 1 in Fire Magic
  4551 | D:4      | Reached skill level 1 in Hexes
  4551 | D:4      | Reached XP level 7. HP: 14/57 MP: 2/11
  5009 | D:5      | Found a bloodstained altar of Trog.
  5014 | D:5      | Found a shimmering altar of Xom.
  5020 | D:5      | Found a sacrificial altar of Ru.
  5025 | D:5      | Found a shadowy altar of Dithmenos.
  5032 | D:5      | Found a glowing golden altar of the Shining One.
  5070 | D:5      | Found an ornate altar of the Wu Jian Council.
  5073 | D:5      | Found a snail-covered altar of Cheibriados.
  5074 | D:5      | Found a hide-covered altar of Uskayaw.
  5208 | D:5      | Noticed Eustachio
  5220 | D:5      | Killed Eustachio
  5556 | D:5      | Reached XP level 8. HP: 40/66 MP: 2/12
  6202 | D:6      | Killed from afar by an acid dragon

Illustrated notes

Levels and vault maps discovered:
D:1:      dpeg_arrival_snail, layout_loops_ring, hangedman_decor_clover_reticule
D:2:      layout_loops_corners, chequers_ecumenical_altar_simple
D:3:      layout_basic
D:4:      layout_basic, general_overflow_altar, kennysheep_mini,
          mainiacjoe_overflow_large_starburst, uniq_crazy_yiuf_cottage,
          uniq_natasha, uniq_ijyb
D:5:      layout_basic, nicolae_overflow_hallway_of_the_gods,
          kennysheep_small_square, uniq_eustachio
D:6:      minmay_spotlight, layout_loops_corners, uniq_maggie

Skill      XL: |  1  2  3  4  5  6  7  8 |
---------------+-------------------------+-----
Fighting       | 1 2 3 4 |  4.5
Armour         | 1 2 3 4 |  4.0
Spellcasting   | 2 3 |  3.3
Axes           | 1 2 3 4 |  4.3
Conjurations   | 5 |  5.6
Fire Magic     | 1 2 |  2.7
Hexes          | 1 2 |  2.5
Dodging        | |  1.5
Stealth        | |  1.5

Action                     |  1- 3 |  4- 6 |  7- 9 || total
---------------------------+-------+-------+-------++-------
  Melee: Staff             |     3 |       |       ||     3
         Unarmed           |     3 |       |       ||     3
         War axe           |     3 |    10 |    21 ||    34
   Cast: Magic Dart        |    44 |    59 |     9 ||   112
         Searing Ray       |     4 |    15 |    19 ||    38
         Dazzling Flash    |       |     1 |       ||     1
  Evoke: Wand              |       |       |     1 ||     1
    Use: Scroll            |       |       |     4 ||     4
 Armour: Robe              |       |     1 |       ||     1
         Ring mail         |       |    14 |    17 ||    31
         Leather armour    |       |     1 |       ||     1
  Dodge: Dodged            |    11 |    36 |    45 ||    92

Table legend: (Time is in decaauts)
 A = Elapsed time spent in this place.
 B = Non-inter-level travel time spent in this place.
 C = Inter-level travel time spent in this place.
 D = Time resting spent in this place.
 E = Time spent auto-exploring this place.
 F = Levels seen in this place.
 G = Mean time per level.
                   A        B        C        D        E       F      G
               +--------+--------+--------+--------+--------+-----+--------+
         Total |   6237 |   6102 |    135 |   1383 |   3899 |   6 | 1039.5 |
       Dungeon |   6237 |   6102 |    135 |   1383 |   3899 |   6 | 1039.5 |
               +--------+--------+--------+--------+--------+-----+--------+

Top non-repeatable levels by time:
     D:4: 1756 daAuts
     D:5: 1652 daAuts
     D:2: 1133 daAuts
     D:1: 865 daAuts
     D:3: 805 daAuts
     D:6: 23 daAuts
